 Dungeon Crawl Stone Soup version 0.22.1-2-g9c5b331 (webtiles) character file.

2767 joejoepie the Grappler (level 9, -1/81 HPs)
             Began as a Ghoul Gladiator on Nov 15, 2018.
             Was a Follower of Wu Jian.
             Slain by a yak (10 damage)
             ... on level 7 of the Dungeon.
             The game lasted 00:29:09 (6310 turns).

joejoepie the Grappler (Ghoul Gladiator)            Turns: 6310, Time: 00:29:10

Health: -1/81      AC: 11    Str: 18    XL:     9   Next: 69%
Magic:  0/8        EV: 13    Int:  3    God:    Wu Jian [*.....]
Gold:   239        SH:  0    Dex: 13    Spells: 8/8 levels left

rFire    + . .     SeeInvis .     - Unarmed
rCold    + . .     Gourm    .   (no shield)
rNeg     + + +     Faith    .   i - +3 scale mail {rF+}
rPois    ∞         Spirit   +   b - +0 helmet
rElec    .         Reflect  .   q - scarf {Spirit}
rCorr    .         Harm     .   (no gloves)
MR       .....                  (no boots)
Stlth    ..........             g - amulet of guardian spirit
HPRegen  0.00/turn              (no ring)
MPRegen  0.11/turn              (no ring)

@: about to teleport, rotting
A: rotting body, claws 1, carnivore, cold resistance 1, negative energy
resistance 3, inhibited regeneration, torment resistance, unbreathing
a: Renounce Religion


You were on level 7 of the Dungeon.
You worshipped Wu Jian.
Wu Jian was aware of your devotion.
You were not hungry.

You visited 2 branches of the dungeon, and saw 9 of its levels.

You collected 351 gold pieces.
You spent 112 gold pieces at shops.

Inventory:

Missiles
 c - 3 throwing nets (quivered)
Armour
 a - a +0 leather armour
 b - a +0 helmet (worn)
 e - a +0 chain mail
 f - a +0 scale mail
 i - a +3 scale mail of fire resistance (worn)
 q - a scarf of spirit shield (worn)
 v - a +3 ring mail of positive energy
Jewellery
 g - an amulet of guardian spirit (around neck)
 h - an uncursed amulet of regeneration
Wands
 y - a wand of flame (36)
 A - a wand of polymorph (7)
Scrolls
 k - 6 scrolls of identify
 m - a scroll of teleportation
 p - 3 scrolls of remove curse
 u - a scroll of brand weapon {unknown}
 x - a scroll of silence {unknown}
 B - a scroll of magic mapping
Potions
 j - a potion of resistance
 l - a potion of cancellation {unknown}
 n - 3 potions of lignification
 o - a potion of ambrosia {unknown}
 r - 2 potions of agility
 s - a potion of might
 t - a potion of heal wounds
 w - a potion of curing
 C - a potion of flight {unknown}
Comestibles
 d - 10 rations


   Skills:
 * Level 7.9 Fighting
 - Level 1.7 Throwing
 + Level 4.2 Armour
 * Level 6.9 Dodging
 * Level 8.4 Unarmed Combat


You had 8 spell levels left.
You didn't know any spells.
Your spell library was empty.

Dungeon Overview and Level Annotations

Branches:
Dungeon (8/15)             Temple (1/1) D:6
   Lair: D:8-11

Altars:
Ashenzari
Elyvilon
Gozag
Okawaru
Qazlal
Sif Muna
Trog
Uskayaw
Wu Jian
Xom
Yredelemnul
Zin

Shops:
D:4 !


Innate Abilities, Weirdness & Mutations

Your body is rotting away.
You thrive on raw meat.
You are immune to poison.
You have sharp fingernails.
You are carnivorous and can eat meat at any time.
Your flesh is cold resistant. (rC+)
You are immune to negative energy. (rN+++)
You do not regenerate when monsters are visible.
You are immune to unholy pain and torment.
You can survive without breathing.


Message History

You claw the ogre!
The ogre is severely wounded.
You spin and attack the yak.
You scratch the yak.
The yak is lightly wounded.
The ogre barely misses you. The yak closely misses you.
There is a stone staircase leading up here.
The yak gores you but does no damage. The ogre barely misses you.
You climb upwards.
The yak bellows!
The hippogriff screeches!
The yak gores you. The yak gores you! x2
* * * LOW HITPOINT WARNING * * *
The yak gores you!
* * * LOW HITPOINT WARNING * * *
The yak closely misses you.
There is a stone staircase leading down here.
As you read the scroll of teleportation, it crumbles to dust.
You feel strangely unstable. The yak gores you.
* * * LOW HITPOINT WARNING * * *
The yak gores you!
You die...

#.[.......
##........$
##.....(....
##..........#
###.......!...#
.####.............#
.........)........#
.........Y........#
#........Y@.####.$.
#.....Y.Y.## ..
#........## .
#....H...#
##........#
#.....[....
#..........(.
#....#######. ..Y.#


You could see a hippogriff and 4 yaks.

Vanquished Creatures
  A hippogriff (D:8)
  A basilisk (D:8)
  A human (D:8)
  A sky beast (D:6)
  A phantom (D:3)
  An ice beast (D:6)
  3 ogres
  2 centaurs (D:6)
  4 bullfrogs
  Blork the orc (D:6)
  A wyvern skeleton (D:6)
  3 scorpions
  2 howler monkeys
  3 crimson imps
  A bullfrog zombie (D:5)
  5 hounds
  3 jellies
  2 orc priests (D:4)
  A bullfrog skeleton (D:6)
  2 orc wizards
  Terence (D:2)
  3 iguanas
  4 worker ants
  A hound zombie (D:6)
  A hound skeleton (D:5)
  A worker ant zombie (D:6)
  7 gnolls
  10 adders
  2 shadow imps
  3 oozes
  2 adder skeletons
  A worm (D:2)
  3 dart slugs
  6 leopard geckos
  7 orcs
  2 giant cockroaches (D:5)
  4 goblins
  3 hobgoblins
  10 jackals
  4 quokkas
  5 ball pythons
  11 bats
  6 frilled lizards
  A jackal skeleton (D:4)
  A jackal zombie (D:6)
  6 kobolds
  9 rats
153 creatures vanquished.

Notes
Turn   | Place    | Note
-------+----------+-------------------------------------------
     0 | D:1      | joejoepie the Ghoul Gladiator began the quest for the Orb.
     0 | D:1      | Reached XP level 1. HP: 17/17 MP: 0/0
   594 | D:1      | Reached XP level 2. HP: 23/23 MP: 1/1
  1129 | D:1      | Reached XP level 3. HP: 30/30 MP: 2/2
  1246 | D:2      | Reached skill level 4 in Unarmed Combat
  1336 | D:2      | Noticed Terence
  1368 | D:2      | Killed Terence
  1368 | D:2      | Reached XP level 4. HP: 20/38 MP: 3/3
  1530 | D:2      | Found a deep blue altar of Sif Muna.
  1540 | D:2      | You fall through a shaft for 2 floors!
  1552 | D:4      | Found an iron altar of Okawaru.
  1554 | D:4      | Found a stormy altar of Qazlal.
  1567 | D:4      | Reached skill level 1 in Armour
  1567 | D:4      | Reached XP level 5. HP: 39/45 MP: 4/4
  1598 | D:4      | Noticed a phantom
  1607 | D:4      | Found a bloodstained altar of Trog.
  1657 | D:5      | Entered Level 5 of the Dungeon
  2251 | D:2      | Lost intelligence.
  2470 | D:3      | Reached skill level 5 in Unarmed Combat
  2470 | D:3      | Reached XP level 6. HP: 42/52 MP: 5/5
  3005 | D:3      | Found a shattered altar of Ashenzari.
  3214 | D:3      | Killed a phantom
  3317 | D:4      | Reached XP level 7. HP: 23/58 MP: 6/6
  3420 | D:4      | Found Pisipy's Distillery.
  3434 | D:4      | Bought a potion of agility for 56 gold pieces
  3434 | D:4      | Bought a potion of might for 56 gold pieces
  3720 | D:4      | Found an opulent altar of Gozag.
  3720 | D:4      | Found a white marble altar of Elyvilon.
  3721 | D:4      | Found a glowing silver altar of Zin.
  3850 | D:5      | Reached skill level 5 in Fighting
  3983 | D:5      | Reached skill level 6 in Unarmed Combat
  4068 | D:5      | Reached XP level 8. HP: 69/69 MP: 7/7
  4101 | D:5      | Reached skill level 5 in Dodging
  4738 | D:6      | Reached skill level 7 in Unarmed Combat
  4751 | D:6      | Found a staircase to the Ecumenical Temple.
  4760 | Temple   | Entered the Ecumenical Temple
  4851 | Temple   | Became a worshipper of the Wu Jian Council
  5107 | D:6      | Noticed Blork the orc
  5123 | D:6      | Killed Blork the orc
  5123 | D:6      | Reached XP level 9. HP: 67/78 MP: 8/8
  5644 | D:7      | Reached * piety under Wu Jian
  5684 | D:7      | Reached skill level 8 in Unarmed Combat
  6297 | D:8      | Noticed a green ugly thing
  6310 | D:7      | Slain by a yak

Skill      XL: |  1  2  3  4  5  6  7  8  9 |
---------------+----------------------------+-----
Unarmed Combat | 4 5 6 7 8 |  8.4
Dodging        | 3 4 6 |  6.9
Fighting       | 3 4 5 6 7 |  7.9
Armour         | 1 2 3 4 |  4.2
Throwing       | |  1.7

Action                   |  1- 3 |  4- 6 |  7- 9 || total
-------------------------+-------+-------+-------++-------
Melee: Unarmed           |   114 |   254 |   374 ||   742
       Punch             |       |     2 |    15 ||    17
Invok: Lunge             |       |       |    17 ||    17
       Whirlwind         |       |       |    22 ||    22
  Use: Scroll            |     3 |       |    10 ||    13
       Potion            |       |     6 |     1 ||     7
  Eat: Chunk             |     9 |    17 |    25 ||    51
       Ration            |       |       |     2 ||     2
Armor: Chain mail        |    75 |       |       ||    75
       Leather armour    |     3 |       |       ||     3
       Scale mail        |       |   158 |   169 ||   327
Dodge: Dodged            |    38 |   214 |   232 ||   484
